 Dungeon Crawl Stone Soup version 0.23-a0-619-g281719c6f9 (webtiles) character file.

161 kukumber123 the Chopper (level 5, -3/47 HPs)
             Began as a Minotaur Berserker on Dec 22, 2018.
             Was a Believer of Trog.
             Slain by a worker ant (4 damage)
             ... on level 4 of the Dungeon.
             The game lasted 00:34:30 (3905 turns).

kukumber123 the Chopper (Minotaur Berserker)        Turns: 3905, Time: 00:34:31

Health: -3/47      AC:  1    Str: 22    XL:     5   Next: 19%
Magic:  4/4        EV: 12    Int:  9    God:    Trog [**....]
Gold:   125        SH:  0    Dex: 10    Spells: 4/4 levels left

rFire    . . .     SeeInvis .   a - +0 hand axe
rCold    . . .     Gourm    .   (no shield)
rNeg     . . .     Faith    .   d - -2 leather armour (curse)
rPois    .         Spirit   .   (helmet restricted)
rElec    .         Reflect  .   (no cloak)
rCorr    .         Harm     .   (no gloves)
MR       ++...                  (no boots)
Stlth    +.........             (no amulet)
HPRegen  1.15/turn              s - +5 ring of intelligence
MPRegen  0.09/turn              (no ring)

@: lethally poisoned (-3 -> -4), berserk cooldown, regenerating, slowed, very
slow
A: retaliatory headbutt, horns 2
a: Berserk, Trog's Hand, Renounce Religion


You were on level 4 of the Dungeon.
You worshipped Trog.
Trog was pleased with you.
You were very hungry.

You visited 1 branch of the dungeon, and saw 4 of its levels.

You collected 125 gold pieces.

Inventory:

Hand Weapons
 a - a +0 hand axe (weapon)
Armour
 d - a cursed -2 leather armour (worn)
 g - a +0 ring mail
 u - a +0 helmet
Jewellery
 b - an uncursed amulet of harm {unknown}
 s - a +5 ring of intelligence (left hand)
 v - an uncursed ring of positive energy {unknown}
 w - an uncursed ring of positive energy {unknown}
 x - an uncursed amulet of rage {unknown}
Wands
 t - a wand of enslavement (2)
Scrolls
 h - a scroll of remove curse {unknown}
 l - 2 scrolls of immolation {unknown}
 m - a scroll of noise {unknown}
 o - 3 scrolls of teleportation {unknown}
 p - 3 scrolls of identify {unknown}
 q - a scroll of blinking {unknown}
Potions
 e - 2 potions of haste {unknown}
 f - 2 potions of ambrosia {unknown}
 i - 3 potions of heal wounds {unknown}
 j - 4 potions of curing {unknown}
 k - 2 potions of degeneration {unknown}
 n - a potion of brilliance {unknown}
 r - 2 potions of magic {unknown}
Comestibles
 c - 7 rations


   Skills:
 + Level 4.5 Fighting
 * Level 5.3 Axes
 + Level 3.7 Armour
 + Level 3.1 Dodging


You had 4 spell levels left.
You didn't know any spells.
Your spell library was empty.

Dungeon Overview and Level Annotations

Branches:
Dungeon (4/15)
 Temple: D:4-7

Altars:
Ashenzari
Cheibriados
Kikubaaqudgha
Okawaru
Wu Jian
Xom
Zin


Innate Abilities, Weirdness & Mutations

You reflexively headbutt those who attack you in melee.
You have a pair of horns on your head.


Message History

The worker ant bites you. The phantom closely misses you.
You barely miss the phantom.
The phantom is moderately damaged.
You hit the worker ant. The worker ant bites you!
* * * LOW HITPOINT WARNING * * *
The phantom hits you.
* * * LOW HITPOINT WARNING * * *
The worker ant bites you.
* * * LOW HITPOINT WARNING * * *
You are poisoned.
The worker ant poisons you! The phantom hits you.
* * * LOW HITPOINT WARNING * * *
You hit the worker ant. Your headbutt misses the worker ant.
The worker ant is moderately wounded.
You hit the phantom.
You feel the effects of Trog's Hand fading.
You feel sick. The worker ant bites you.
* * * LOW HITPOINT WARNING * * *
The phantom blinks!
The worker ant bites you.
You die...

# ..##+###########
...............#
....?....W.....#
...............#
.......<.......#
.......ยง@a.####...
...........#
##.........#
#.....##### #.....
#..... #..... #....


You could see a phantom and a worker ant.

Vanquished Creatures
  Terence (D:2)
  A gnoll (D:1)
  4 adders
  2 oozes (D:1)
  2 dart slugs
  4 leopard geckos
  7 orcs (D:3)
  5 bats
  2 bat zombies (D:3)
  3 giant cockroaches
  2 goblins (D:3)
  9 hobgoblins
  9 jackals
  2 frilled lizards
  5 kobolds
  5 rats
63 creatures vanquished.

Vanquished Creatures (others)
  A goblin (D:2)
1 creature vanquished.

Grand Total: 64 creatures vanquished

Notes
Turn   | Place    | Note
-------+----------+-------------------------------------------
     0 | D:1      | kukumber123 the Minotaur Berserker began the quest for the
                  | Orb.
     0 | D:1      | Reached XP level 1. HP: 19/19 MP: 0/0
   268 | D:1      | Reached skill level 4 in Axes
   268 | D:1      | Reached XP level 2. HP: 12/27 MP: 1/1
   591 | D:1      | Reached XP level 3. HP: 29/33 MP: 2/2
  1186 | D:2      | Found an ornate altar of the Wu Jian Council.
  1295 | D:2      | Found a shimmering altar of Xom.
  1296 | D:2      | Noticed an angel
  1297 | D:2      | Found a glowing silver altar of Zin.
  1730 | D:2      | Found a shattered altar of Ashenzari.
  2287 | D:2      | Noticed Terence
  2291 | D:2      | Reached XP level 4. HP: 40/40 MP: 3/3
  2292 | D:2      | Killed Terence
  2292 | D:2      | Reached ** piety under Trog
  2564 | D:3      | Found a snail-covered altar of Cheibriados.
  2595 | D:3      | Reached skill level 5 in Axes
  2835 | D:3      | Found an iron altar of Okawaru.
  3423 | D:3      | Reached XP level 5. HP: 41/47 MP: 4/4
  3710 | D:3      | Found an ancient bone altar of Kikubaaqudgha.
  3883 | D:4      | Noticed a phantom
  3905 | D:4      | HP: 1/47 [worker ant (3)]
  3905 | D:4      | Slain by a worker ant

Vault maps used:
D:1:      evilmike_arrival_crescent, serial_curves, eino_curves_01,
          eino_curves_01
D:2:      grunt_temple_overflow_order_and_chaos_1, lemuel_doored_altar,
          ashenzari_altar_1, uniq_terence
D:3:      lemuel_upstairs_altar, cheibriados_altar_1,
          lemuel_zombie_altar_kikubaaqudgha, okawaru_altar_gauntlet_db
D:4:      nicolae_tso_besieged_by_evil, first_ration, uniq_blork_the_orc

Skill      XL: |  1  2  3  4 |
---------------+-------------+-----
Axes           | 4 5 |  5.3
Fighting       | 4 |  4.5
Armour         | 3 |  3.7
Dodging        | 3 |  3.1

Action                   |  1- 3 |  4- 6 || total
-------------------------+-------+-------++-------
Melee: Hand axe          |    66 |    70 ||   136
       Headbutt          |    11 |    11 ||    22
Invok: Berserk           |     3 |     2 ||     5
       Trog's Hand       |       |     1 ||     1
  Eat: Ration            |     2 |       ||     2
       Chunk             |       |     6 ||     6
Armor: Leather armour    |     5 |     5 ||    10
Dodge: Dodged            |    43 |    64 ||   107

Table legend:
 A = Non-vault XP
 B = Vault XP
 C = Vault XP percentage of total XP
 D = Non-vault monster count
 E = Vault monster count
 F = Vault count percentage of total count
                 A         B        C        D         E       F
            +---------+---------+-------+---------+---------+-------
      Total |     176 |      55 |  23.8 |      54 |       9 |  14.3
            +---------+---------+-------+---------+---------+-------
        D:1 |      67 |       0 |   0.0 |      23 |       0 |   0.0
        D:2 |      31 |      36 |  53.7 |       9 |       1 |  10.0
        D:3 |      78 |      19 |  19.6 |      22 |       8 |  26.7
            +---------+---------+-------+---------+---------+-------
